Map: Dead of Night

Players

monk

  • Race: Zerg Zerg
  • Spawn Location: 0:00

Yuriprime

  • Race: Zerg Zerg
  • Spawn Location: 0:00

VOD

Have the link to the VOD?

Description

Time

  • Played on: July 20, 2017, 6:53 a.m.
  • Length: 10:40
Show
View Real Time Build Order
Export as new Build Order

monk Zerg 

Build Orders:  

Get SALT Encoding   

  6  0:12  Drone x2  
  6  0:18  Drone x2  
  8  0:28  Drone x2  
  9  0:32  Extractor  
  8  0:42  Drone x2  
  9  0:50  Drone x2  
  10  1:12  Spawning Pool  
  10  1:19  Drone x2  
  11  1:26  Drone x2  
  12  1:36  Extractor  
  11  1:44  Baneling Nest  
  11  1:46  Drone x2  
  12  1:53  Extractor  
  12  1:54  Drone x2  
  12  2:04  Overlord  
  12  2:11  Drone x2  
  13  2:29  Drone x2  
  14  2:30  Drone x2  
  14  2:35  Drone x2  
  16  2:45  Drone x2  
  16  2:48  Drone x2  
  20  2:57  Overlord  
  20  3:04  Drone x2  
  20  3:09  Centrifical Hooks  
  22  3:28  Hatchery  
  23  3:36  Lair  
  23  3:43  Metabolic Boost  
  23  3:48  Evolution Chamber  
  24  3:54  Evolution Chamber  
  24  4:17  Overlord  
  24  4:18  Overlord  
  26  4:33  Queen  
  26  4:35  Zerg Melee Weapons Level 1, Heroic Fortitude  
  28  4:48  Hive  
  30  4:57  Hardened Carapace  
  30  5:07  Corrosive Acid  
  32  5:23  Queen  
  36  5:53  Medusa Blades  
  36  5:57  Adrenal Overload  
  36  6:19  Overlord  
  38  6:37  Rupture  
  38  6:42  Overseer  
  38  6:43  Overseer  
  40  6:53  Overlord  
  40  6:54  Overlord x2  
  40  6:57  Shredding Claws  
  40  7:05  Pneumatized Carapace  
  40  7:09  Overlord x2  
  41  7:10  Swarmling x3  
  41  7:11  Swarmling x18  
  52  7:32  Swarmling x3  
  52  7:33  Swarmling x21  
  61  8:06  Swarmling x3  
  61  8:07  Swarmling x33  
  61  8:21  Swarmling x3  
  57  8:52  Swarmling x3  
  57  8:53  Swarmling x21  
  57  8:54  Swarmling x18  
  76  9:16  Swarmling x9  
  75  9:36  Roach x10  
  75  9:37  Roach x10  
  63  9:49  Swarmling x6  
  62  10:08  Swarmling x6  
  64  10:11  Swarmling x3  
  64  10:12  Swarmling x30  
  64  10:13  Swarmling x6  
Show
View Real Time Build Order
Export as new Build Order

Yuriprime Zerg 

Build Orders:  

Get SALT Encoding   

  12  0:03  Drone  
  13  0:19  Overlord  
  13  0:25  Drone  
  14  0:44  Drone x2  
  14  0:47  Drone  
  17  1:13  Hatchery  
  17  1:19  Extractor  
  15  1:20  Drone  
  15  1:25  Drone  
  17  1:32  Drone  
  18  1:47  Drone  
  19  1:57  Spawning Pool  
  18  2:02  Drone  
  19  2:14  Drone  
  20  2:20  Extractor  
  20  2:26  Drone  
  20  2:28  Queen  
  22  2:32  Drone  
  22  2:38  Drone  
  24  2:46  Drone  
  25  2:57  Lair  
  25  3:03  Drone  
  25  3:07  Drone  
  27  3:11  Drone  
  28  3:24  Evolution Chamber  
  28  3:27  Evolution Chamber  
  26  3:37  Overlord  
  26  3:41  Drone  
  26  3:43  Drone  
  28  4:01  Hive  
  28  4:14  Drone  
  28  4:15  Drone x2  
  31  4:21  Metabolic Boost  
  31  4:22  Heroic Fortitude  
  31  4:25  Zerg Melee Weapons Level 1  
  31  4:45  Hardened Carapace  
  31  4:46  Chain Reaction  
  31  4:48  Overlord x2  
  31  5:07  Queen  
  33  5:14  Overlord  
  33  5:18  Adrenal Overload  
  33  5:22  Ability Efficiency  
  33  5:31  Zerg Melee Weapons Level 2  
  33  5:38  Zergling x2  
  33  5:39  Zergling x12  
  40  5:42  Shredding Claws  
  40  6:08  Zergling x2  
  40  6:09  Zergling x16  
  49  6:21  Overlord  
  49  6:56  Zergling x2  
  49  6:57  Zergling x14  
  57  7:07  Zerg Melee Weapons Level 3  
  57  7:17  Zergling x2  
  57  7:18  Zergling x8  
  62  7:23  Zergling x2  
  62  7:24  Zergling x17  
  62  7:25  Zergling x24  
  62  7:26  Zergling x13  
  62  7:27  Zergling x18  
  62  7:28  Zergling x10  
  62  7:29  Zergling x5  
  62  7:30  Zergling x9  
  62  7:31  Zergling x19  
  62  7:32  Zergling x6  
  62  7:33  Zergling  
  62  7:34  Zergling x11  
  62  7:35  Zergling  
  62  7:36  Zergling  
  62  7:37  Zergling x12  
  62  7:38  Zergling x8  
  62  7:39  Zergling x3  
  62  7:40  Zergling x27  
  62  7:41  Zergling x8  
  62  7:42  Zergling x4  
  62  7:43  Zergling x9  
  62  7:44  Zergling x4  
  62  7:45  Zergling x22  
  62  7:46  Zergling x8  
  62  7:47  Zergling x14  
  62  7:48  Zergling x33  
  62  7:49  Zergling x19  
  68  7:50  Overlord x3, Zergling x16  
  68  7:51  Zergling x9  
  68  7:52  Zergling x22  
  68  7:53  Zergling x10  
  68  7:54  Zergling x8  
  68  7:55  Zergling  
  68  7:56  Zergling x29  
  68  7:57  Zergling x12  
  68  7:58  Zergling x4  
  68  7:59  Zergling x13  
  68  8:00  Zergling x2  
  68  8:02  Zergling  
  68  8:04  Zergling  
  68  8:05  Zergling x4  
  68  8:06  Zergling x11  
  68  8:07  Zergling x15  
  68  8:08  Zergling x31  
  68  8:09  Zergling x3  
  68  8:10  Zergling x22  
  68  8:11  Zergling x25  
  68  8:12  Zergling x14  
  68  8:13  Zergling x19  
  68  8:14  Zergling x20  
  68  8:15  Zergling  
  68  8:16  Zergling x29  
  68  8:17  Zergling x10  
  68  8:18  Zergling x21  
  68  8:19  Zergling x31  
  76  8:20  Zergling x14  
  76  8:21  Zergling x27  
  76  8:22  Zergling x12  
  76  8:23  Zergling x14  
  76  8:24  Zergling x10  
  76  8:25  Zergling x5  
  76  8:26  Zergling x6  
  76  8:27  Zergling x15  
  76  8:28  Zergling x10  
  76  8:29  Zergling x8  
  77  8:30  Zergling x13  
  77  8:31  Zergling x19  
  77  8:32  Zergling x10  
  77  8:33  Zergling x19  
  77  8:34  Zergling x14  
  77  8:35  Zergling x18  
  77  8:36  Zergling x15  
  77  8:37  Zergling x14  
  77  8:38  Zergling x28  
  77  8:39  Zergling x8  
  77  8:40  Zergling x18  
  77  8:41  Zergling x18  
  77  8:42  Zergling x36  
  77  8:43  Zergling x22  
  77  8:44  Zergling x22  
  77  8:45  Zergling x17  
  77  8:46  Zergling x7  
  77  8:47  Zergling x33  
  77  8:48  Zergling x22  
  77  8:49  Zergling x18  
  84  8:50  Zergling x23  
  84  8:51  Zergling x17  
  84  8:52  Zergling x18  
  84  8:53  Zergling x22  
  84  8:54  Zergling x18  
  84  8:55  Zergling x11  
  84  8:56  Zergling x5  
  84  8:57  Zergling x11  
  84  8:58  Zergling  
  84  9:02  Zergling x12  
  84  9:03  Zergling x5  
  84  9:05  Zergling x12  
  84  9:06  Zergling x9  
  84  9:07  Zergling x18  
  84  9:08  Zergling x3  
  84  9:09  Zergling x17  
  91  9:10  Zergling x20  
  91  9:11  Zergling x18  
  91  9:12  Zergling x2  
  91  9:13  Zergling x17  
  91  9:14  Zergling x32  
  91  9:15  Zergling x18  
  91  9:16  Zergling x21  
  91  9:17  Zergling x23  
  91  9:18  Zergling x13  
  91  9:19  Zergling x20  
  91  9:20  Zergling x20  
  91  9:21  Zergling x9  
  91  9:22  Zergling x8  
  91  9:23  Zergling x5  
  91  9:24  Zergling x2  
  91  9:25  Zergling x27  
  91  9:26  Zergling x7  
  91  9:27  Zergling x34  
  91  9:28  Zergling x13  
  91  9:29  Zergling x21  
  91  9:30  Zergling x23  
  91  9:31  Zergling x16  
  91  9:32  Zergling x10  
  91  9:33  Zergling x13  
  91  9:34  Zergling x28  
  91  9:35  Zergling x16  
  91  9:36  Zergling x25  
  91  9:37  Zergling x28  
  91  9:38  Zergling x17  
  91  9:39  Zergling x22  
  91  9:40  Zergling x23  
  91  9:41  Zergling x16  
  91  9:42  Zergling x11  
  91  9:43  Zergling x21  
  91  9:44  Zergling x10  
  91  9:45  Zergling x6  
  91  9:46  Zergling x6  
  91  9:47  Zergling x10  
  91  9:48  Zergling x7  
  91  9:49  Zergling x18  
  92  9:50  Zergling x5  
  92  9:51  Zergling x2  
  92  9:52  Zergling x15  
  92  9:53  Zergling x13  
  92  9:54  Zergling x6  
  92  9:55  Zergling x4  
  92  9:56  Zergling x12  
  92  9:57  Zergling x6  
  92  9:58  Zergling x19  
  92  9:59  Zergling x3  
  92  10:00  Zergling x22  
  92  10:01  Zergling x12  
  92  10:02  Zergling x5  
  92  10:03  Zergling x14  
  92  10:04  Zergling x5  
  92  10:05  Zergling x11  
  92  10:06  Zergling  
Tags
 
Add a new tag
Caveats
  • Supply blocks, unpowered buildings, or Contaminate may cause inaccurate times.
  • Supply counts are checked every 10 seconds.